 Dungeon Crawl Stone Soup version bcrawl-1.21.2-1-g32d02e0829 (webtiles) character file.

Game seed: 7274466641757161553

59 Freyura the Cudgeler (level 3, -2/28 HPs)
             Began as a Demonspawn Gladiator on Feb 23, 2020.
             Slain by an orc
             ... wielding a +0 short sword
              (4 damage)
             ... on level 2 of the Dungeon.
             The game lasted 00:02:51 (1709 turns).

Freyura the Cudgeler (Demonspawn Gladiator)         Turns: 1709, Time: 00:02:51

Health: -2/28      AC:  7    Str: 14    XL:     3   Next: 78%
Magic:  3/3        EV: 10    Int:  9    God:
Gold:   72         SH:  0    Dex: 15    Spells: 2/2 levels left

rFire    . . .     SeeInvis .   a - +0 flail
rCold    + . .     Gourm    .   (no shield)
rNeg     . . .     Faith    .   h - +0 scale mail
rPois    .         Spirit   .   c - +0 helmet
rElec    .         Reflect  .   (no cloak)
rCorr    .         Harm     .   (no gloves)
MR       .....                  (no boots)
Stlth    +.........             (no amulet)
HPRegen  0.09/turn              f - ring of protection from cold
MPRegen  0.08/turn              (no ring)

@: no status effects
A: nightstalker 1, powered by pain 1
a: no special abilities


You were on level 2 of the Dungeon.
You were hungry.

You visited 1 branch of the dungeon, and saw 2 of its levels.

You collected 72 gold pieces.

Inventory:

Hand Weapons
 a - a +0 flail (weapon)
Missiles
 d - 3 throwing nets (quivered) {!f}
Armour
 c - a +0 helmet (worn)
 h - a +0 scale mail (worn)
Jewellery
 f - a ring of protection from cold (left hand)
Scrolls
 b - a scroll of enchant armour {unknown}
 g - a scroll of remove curse {unknown}
Comestibles
 e - 3 rations {!d}


   Skills:
 + Level 2.4 Fighting
 * Level 3.4 Maces & Flails
 - Level 1.7 Throwing
 + Level 1.1 Armour
 + Level 3.1 Dodging


You had 2 spell levels left.
You didn't know any spells.
Your spell library was empty.

Dungeon Overview and Level Annotations

Branches:
Dungeon (2/12)

Altars:

Annotations:
D:2 Terence


Innate Abilities, Weirdness & Mutations

You are slightly more attuned to the shadows.
You sometimes gain a little power by taking damage.


Message History

You are too injured to fight recklessly!
You are too injured to fight recklessly!
You are too injured to fight recklessly!
You are too injured to fight recklessly!
You are too injured to fight recklessly!
You are too injured to fight recklessly!
You barely miss the worm.
The worm is lightly wounded.
The orc hits you with a +0 short sword. The rat bites you but does no damage.
The worm bites you!
* * * LOW HITPOINT WARNING * * *
You hit the worm.
The worm is lightly wounded.
The orc hits you with a +0 short sword.
* * * LOW HITPOINT WARNING * * *
The rat bites you but does no damage. The worm barely misses you.
You hit the worm.
The worm is moderately wounded.
The orc hits you with a +0 short sword.
You die...

[.....#
#..#######........
#..##.#
#..........#####..
#..##.####.####.###.#
....)...... ##.###.#
#.#.#.####.$##...##.#
#.#.# # .............
..#.# ###.##!..##.#
##### #...##r###.###
.......o@wb....
##...#####..### ##.
.... .. ### #


You could see a worm, an orc, a bat and a rat.

Vanquished Creatures
  An adder (D:2)
  3 oozes
  A dart slug (D:1)
  A leopard gecko (D:1)
  3 giant cockroaches (D:1)
  3 goblins
  5 hobgoblins (D:1)
  5 kobolds
  A quokka (D:1)
  3 bats
  2 frilled lizards (D:1)
  5 rats (D:1)
33 creatures vanquished.

Notes
Turn   | Place    | Note
-------+----------+-------------------------------------------
     0 | D:1      | Freyura the Demonspawn Gladiator began the quest for the
                  | Orb.
     0 | D:1      | Reached XP level 1. HP: 16/16 MP: 1/1
   512 | D:1      | Gained mutation: You sometimes gain a little power by
                  | taking damage. [demonic ancestry]
   512 | D:1      | Reached XP level 2. HP: 20/22 MP: 2/2
   767 | D:1      | Gained mutation: You are slightly more attuned to the
                  | shadows. [demonic ancestry]
   767 | D:1      | Reached XP level 3. HP: 9/28 MP: 3/3
   771 | D:1      | Reached skill level 1 in Armour
  1686 | D:2      | Noticed Terence
  1708 | D:2      | HP: 1/28 [orc/+0 short sword (2)]
  1709 | D:2      | Slain by an orc

Skill      XL: |  1  2  3 |
---------------+----------+-----
Maces & Flails | 3 |  3.4
Armour         | 1 |  1.1
Dodging        | 3 |  3.1
Fighting       | |  2.4
Throwing       | |  1.7

Action                   || total
-------------------------++-------
Melee: Flail             ||   128
 Stab: Sleeping          ||     1
  Eat: Chunk             ||     2
Armor: Leather armour    ||    26
       Scale mail        ||    20
Dodge: Dodged            ||    95
